Map: Lightshade LE

Players

Reynor - Winner!

  • Race: Zerg Zerg
  • Spawn Location: 5:00

Bunny

  • Race: Terran Terran
  • Spawn Location: 11:00

Event: StayAtHome Story Cup #3

VOD

Have the link to the VOD?

Description

Time

  • Played on: March 11, 2021, 9:20 a.m.
  • Length: 5:54

All games in this series

Show
View Real Time Build Order
Export as new Build Order

Reynor Zerg - Winner!

Build Orders: Hatch First, Zergling Baneling 

Get SALT Encoding   

  12  0:00  Drone  
  13  0:12  Overlord  
  13  0:17  Drone  
  14  0:30  Drone  
  14  0:31  Drone  
  16  0:48  Hatchery  
  15  0:51  Drone  
  15  0:55  Drone  
  17  0:58  Drone  
  18  1:08  Extractor  
  17  1:13  Spawning Pool  
  17  1:16  Drone  
  17  1:19  Drone  
  18  1:28  Drone  
  19  1:39  Drone  
  20  1:49  Overlord  
  20  1:59  Queen  
  20  2:00  Queen  
  20  2:01  Zergling x4  
  26  2:10  Drone  
  26  2:11  Drone  
  26  2:13  Metabolic Boost  
  28  2:21  Drone  
  28  2:22  Drone  
  30  2:35  Queen  
  32  2:42  Overlord  
  33  2:44  Drone x3  
  35  2:54  Drone, Pneumatized Carapace  
  36  3:01  Drone  
  37  3:11  Hatchery  
  37  3:12  Overlord  
  36  3:13  Drone x2  
  36  3:18  Queen  
  40  3:23  Drone x2  
  40  3:25  Drone  
  43  3:27  Drone  
  43  3:31  Overlord  
  44  3:36  Drone  
  44  3:37  Drone  
  46  3:42  Overlord  
  46  3:46  Queen  
  46  3:47  Zergling x4  
  50  3:52  Drone x2  
  50  3:53  Drone  
  50  3:54  Drone  
  54  3:56  Drone  
  54  4:00  Queen  
  57  4:04  Overlord  
  57  4:07  Baneling Nest  
  56  4:11  Overlord  
  56  4:12  Drone  
  56  4:13  Drone  
  58  4:20  Drone x2, Extractor  
  58  4:21  Zergling x2  
  58  4:23  Drone  
  61  4:27  Queen  
  61  4:28  Drone  
  64  4:32  Zergling x4  
  64  4:33  Drone x2  
  64  4:35  Overlord  
  68  4:47  Zergling x6  
  68  4:51  Baneling x6  
  68  4:52  Baneling x2  
  71  4:53  Drone x2  
  71  4:56  Queen x2  
  71  4:58  Baneling  
  71  4:59  Overlord  
  77  5:01  Drone  
  78  5:12  Zergling x14  
  79  5:15  Overlord  
  75  5:23  Drone  
  75  5:26  Drone x4  
  80  5:33  Drone  
  79  5:35  Drone  
  79  5:37  Drone  
  81  5:50  Hatchery  
Show
View Real Time Build Order
Export as new Build Order

Bunny Terran 

Build Orders: Hellion Opening, Reaper Expand 

Get SALT Encoding   

  12  0:00  SCV  
  13  0:12  SCV  
  14  0:17  Supply Depot  
  14  0:24  SCV  
  15  0:39  SCV  
  15  0:41  Barracks  
  16  0:43  Refinery  
  16  0:51  SCV  
  17  1:03  SCV  
  18  1:15  SCV  
  19  1:27  Orbital Command  
  19  1:28  Reaper  
  20  1:37  Command Center  
  20  1:47  Supply Depot  
  20  1:53  SCV  
  21  1:59  Marine  
  22  2:05  SCV  
  22  2:07  Factory  
  23  2:12  Refinery  
  23  2:17  SCV  
  23  2:22  Barracks Reactor  
  24  2:29  SCV  
  25  2:41  SCV  
  26  2:51  Orbital Command  
  26  2:52  Starport  
  26  2:53  SCV  
  27  3:04  Hellion x2  
  27  3:05  SCV  
  32  3:07  Barracks Tech Lab  
  32  3:16  SCV, Supply Depot  
  32  3:17  SCV  
  34  3:25  Hellion x2  
  34  3:26  Marauder  
  40  3:29  Viking  
  40  3:31  SCV  
  40  3:32  SCV  
  44  3:43  SCV  
  44  3:45  SCV  
  44  3:46  Hellion  
  44  3:47  Hellion, Marauder  
  52  3:55  Supply Depot  
  52  3:58  Concussive Shells  
  52  4:02  Medivac  
  54  4:11  Armory  
  54  4:16  Hellion x2, Marauder  
  60  4:18  SCV  
  60  4:19  SCV  
  60  4:20  Supply Depot  
  62  4:38  Hellion x2  
  66  4:43  SCV  
  66  4:44  SCV  
  68  4:46  Command Center  
  68  4:56  SCV x2  
  70  5:03  Hellion  
  70  5:04  Hellion  
  74  5:11  SCV x2  
  59  5:23  SCV x2, Viking  
  59  5:25  Hellion x3  
  59  5:27  Barracks  
  57  5:28  Barracks  
  57  5:30  Marine  
  57  5:34  Refinery  
  57  5:35  Refinery, SCV x2  
  60  5:43  Factory Reactor  
Tags
 
Add a new tag
Caveats
  • Supply blocks, unpowered buildings, or Contaminate may cause inaccurate times.
  • Supply counts are checked every 10 seconds.